Lake Erie Monsters vs Binghampton Senators

Created - 13 mai 2020 at 18:48

Goals
1 2 3 OT1 T
Lake Erie Monsters 3 0 2 1 6
Binghampton Senators 0 4 1 0 5
Shots
1 2 3 OT1 T
Lake Erie Monsters 15 8 15 7 45
Binghampton Senators 16 6 20 4 46

1st period

1. Lake Erie Monsters , Daniel Sprong 9 (Matt Puempel 7) at 12:26
2. Lake Erie Monsters , Matt Puempel 2 (Nick Cousins 7, Joe Hicketts 5) at 14:13 (PP)
3. Lake Erie Monsters , Barclay Goodrow 5 (Ryan Haggerty 1) at 17:27 (PP)

Penalties :
Nick Cousins (MST) for Slashing (Minor) at 1:32, Anthony Greco (SEN) for Interference (Minor) at 14:00, Anthony Greco (SEN) for Slashing (Minor) at 16:55

2nd period

4. Binghampton Senators , Jack Roslovic 10 (Lane Pederson 14, Gabriel Fontaine 4) at 2:03
5. Binghampton Senators , Roland McKeown 1 (Jack Roslovic 11) at 10:08 (PP)
6. Binghampton Senators , Eric Robinson 2 (Antti Suomela 3, Wiley Sherman 1) at 14:19
7. Binghampton Senators , Lane Pederson 3 (Jordan Schmaltz 1, Jack Roslovic 12) at 14:52

Penalties :
Frederic Allard (MST) for Hooking (Minor) at 9:55, Barclay Goodrow (MST) for Hooking (Minor) at 12:05, Frederic Allard (MST) for Hooking (Minor) at 16:31

3rd period

8. Lake Erie Monsters , Adam Mascherin 7 (Robby Fabbri 7) at 1:47
9. Lake Erie Monsters , Turner Elson 2 (Mitch Hults 1, Ryan Haggerty 2) at 9:12
10. Binghampton Senators , Jack Roslovic 11 (Lane Pederson 15, Jake Bischoff 5) at 18:39

Penalties :
No Penalty

Overtime #1

11. Lake Erie Monsters , Mitchell Vande Sompel 1 (Daniel Sprong 5, Nick Cousins 8) at 10:39 (PP)

Penalties :
Kurtis MacDermid (MST) for Roughing (Minor) at 5:24, Ryan Olsen (MST) for Hooking (Minor) at 8:27, Roland McKeown (SEN) for Hooking (Minor) at 10:36

Goalie Stats

Angus Redmond (MST), 41 saves from 46 shots - (0,891), W, 4-0-1, 70:39 minutes
Kaapo Kahkonen (SEN), 39 saves from 45 shots - (0,867), OTL, 5-2-1, 70:39 minutes

Players Stats for Lake Erie Monsters

Player Name              G  A  P  +/- PIM S  H  SB GA TA FO     MP     PP MP  PK MP  
------------------------------------------------------------------------------------
Adam Mascherin           1  0  1   0  0   2  0  0  1  0  1/2    16:56   0:00   4:16 
Andrew Agozzino          0  0  0  -2  0   1  2  1  0  0  7/14   21:29   0:00   4:17 
Barclay Goodrow          1  0  1  -2  2   6  1  0  2  2  7/10   21:58   0:13   4:45 
Daniel Sprong            1  1  2   0  0   6  1  0  1  1  0/3    21:46   0:34   0:00 
Dysin Mayo               0  0  0   0  0   0  1  1  0  3  0/0    17:31   0:00   1:09 
Frederic Allard          0  0  0  -1  4   0  1  1  0  0  0/0    22:06   0:25   3:43 
JC Lipon                 0  0  0   0  0   1  2  1  0  0  0/0    15:30   0:00   0:00 
Joe Hicketts             0  1  1   0  0   3  0  2  0  1  0/0    29:32   0:22   6:27 
Kurtis MacDermid         0  0  0   0  2   2  4  0  0  1  0/0    31:30   0:22   4:35 
Marko Dano               0  0  0  -2  0   6  3  0  0  2  0/0    17:37   0:13   0:14 
Matt Puempel             1  1  2   0  0   5  4  0  1  1  0/1    27:25   0:34   5:35 
Mitch Hults              0  1  1   1  0   0  0  0  0  0  0/2    10:12   0:00   1:05 
Mitchell Vande Sompel    1  0  1  -1  0   1  1  0  0  0  0/0    25:23   0:25   4:19 
Nick Cousins             0  2  2   0  2   2  4  0  0  2  16/36  21:58   0:34   0:07 
Robby Fabbri             0  1  1   0  0   3  0  0  1  0  0/0    12:27   0:00   0:00 
Ryan Haggerty            0  2  2   1  0   2  0  0  3  1  0/0     8:39   0:13   0:00 
Ryan Olsen               0  0  0   0  2   1  0  0  0  0  1/7    12:36   0:00   0:00 
Turner Elson             1  0  1   1  0   4  2  0  3  0  0/1     8:26   0:00   0:00 

Players Stats for Binghampton Senators

Player Name              G  A  P  +/- PIM S  H  SB GA TA FO     MP     PP MP  PK MP  
------------------------------------------------------------------------------------
Anthony Greco            0  0  0   3  4   5  2  0  0  0  1/2    30:38   5:44   0:02 
Antti Suomela            0  1  1  -2  0   5  0  0  0  0  1/4    15:17   0:04   0:00 
Brandon Gignac           0  0  0   0  0   0  1  1  0  0  4/5     8:06   0:00   0:45 
Eric Robinson            1  0  1  -2  0   7  2  0  0  0  0/0    14:52   0:04   0:00 
Gabriel Fontaine         0  1  1   0  0   0  3  1  1  0  10/17  21:52   4:20   0:00 
Jack Roslovic            2  2  4   3  0   4  0  0  5  0  1/2    25:25   5:25   0:00 
Jake Bischoff            0  1  1   0  0   3  1  2  0  1  0/0    24:47   4:33   0:02 
Jens Looke               0  0  0   0  0   2  0  0  0  0  1/1     6:45   0:00   0:00 
Jonah Gadjovich          0  0  0   0  0   0  0  0  0  0  0/0     3:06   0:23   0:00 
Jordan Schmaltz          0  1  1   2  0   0  0  1  1  0  0/0    14:32   0:16   0:00 
Justin Kirkland          0  0  0  -2  0   1  3  0  0  0  1/2    14:38   0:00   0:00 
Lane Pederson            1  2  3   3  0   4  3  0  0  1  22/39  26:34   5:44   0:47 
Lukas Radil              0  0  0   0  0   5  2  0  5  0  2/3    21:52   4:20   0:00 
Roland McKeown           1  0  1  -1  2   4  3  1  0  0  0/0    31:45   5:35   0:45 
Ryan Graves              0  0  0  -1  0   2  1  1  2  3  0/0    31:20   5:19   0:45 
Trevor Carrick           0  0  0   0  0   0  2  0  0  3  0/0    24:47   4:33   0:02 
Vinni Lettieri           0  0  0   0  0   4  2  1  0  2  1/1    22:03   4:20   0:00 
Wiley Sherman            0  1  1   2  0   0  0  0  0  2  0/0    14:06   0:00   0:00 

3 Stars

1 - Jack Roslovic (SEN)
2 - Lane Pederson (SEN)
3 - Matt Puempel (MST)

Power Play

Lake Erie Monsters - 3 on 3 Attempt(s) - 100,00%
Binghampton Senators - 1 on 6 Attempt(s) - 16,67%

Penalty Kill

Lake Erie Monsters - 5 on 6 Attempt(s) - 83,33% - Score 0 goal in Penalty Kill
Binghampton Senators - 0 on 3 Attempt(s) - 0,00% - Score 0 goal in Penalty Kill

Team Stat

Lake Erie Monsters - Hits : 26 - Faceoff Wins : 32 - Blocked Shots : 6 - Penalty Minutes : 12
Binghampton Senators - Hits : 25 - Faceoff Wins : 44 - Blocked Shots : 8 - Penalty Minutes : 6

Official

Referees : Kyle Rehman and Brad Watson
Linesman : Jonny Murray and Matt MacPherson

Game Notes

No Game Note

Finance

Level 1 -- Attendance: 1877 (93,85%) -- Ticket Income 65 695 $
Level 2 -- Attendance: 988 (98,80%) -- Ticket Income 14 820 $
Total Attendance: 2865 (95,50%)
Total Ticket Income: 80 515 $
Other Income: 39 452 $
Total Income: 119 967 $

Lake Erie Monsters

5 vs 5 Forward 
   Center                   Left Wing                Right Wing               Time % Phy DF OF 
 1 Nick Cousins             Matt Puempel             Daniel Sprong            40     0   2  3  
 2 Andrew Agozzino          Marko Dano               Barclay Goodrow          30     1   2  2  
 3 Ryan Olsen               Adam Mascherin           Robby Fabbri             20     1   2  2  
 4 Mitch Hults              Turner Elson             Ryan Haggerty            10     1   2  2  

5 vs 5 Defense 
   Defense                  Defense                                           Time % Phy DF OF 
 1 Joe Hicketts             Kurtis MacDermid                                  40     1   3  1  
 2 Mitchell Vande Sompel    Frederic Allard                                   30     1   3  1  
 3 Dysin Mayo               JC Lipon                                          20     0   2  3  
 4 Kurtis MacDermid         Mitchell Vande Sompel                             10     1   2  2  

PowerPlay Forward 
   Center                   Left Wing                Right Wing               Time % Phy DF OF 
 1 Nick Cousins             Matt Puempel             Daniel Sprong            60     1   0  4  
 2 Barclay Goodrow          Marko Dano               Ryan Haggerty            40     1   0  4  

PowerPlay Defense
   Defense                  Defense                                           Time % Phy DF OF 
 1 Joe Hicketts             Kurtis MacDermid                                  60     0   1  4  
 2 Mitchell Vande Sompel    Frederic Allard                                   40     0   1  4  

Penalty Kill 4 Players Forward 
   Center                   Wing                     Time % Phy DF OF 
 1 Barclay Goodrow          Matt Puempel             60     1   3  1  
 2 Andrew Agozzino          Adam Mascherin           40     1   3  1  

Penalty Kill 4 Players Defense
   Defense                  Defense                  Time % Phy DF OF 
 1 Joe Hicketts             Kurtis MacDermid         60     1   4  0  
 2 Mitchell Vande Sompel    Frederic Allard          40     1   4  0  

Penalty Kill - 3 Players Forward 
   Forward                                           Time % Phy DF OF 
 1 Barclay Goodrow                                   60     1   2  2  
 2 Nick Cousins                                      40     1   2  2  

Penalty Kill - 3 Players Defense
   Defense                  Defense                  Time % Phy DF OF 
 1 Joe Hicketts             Kurtis MacDermid         60     1   2  2  
 2 Mitchell Vande Sompel    Frederic Allard          40     1   2  2  

4 vs 4 Forward 
   Center                   Wing                     Time % Phy DF OF 
 1 Barclay Goodrow          Matt Puempel             60     1   2  2  
 2 Nick Cousins             Marko Dano               40     1   2  2  

4 vs 4 Defense
   Defense                  Defense                  Time % Phy DF OF 
 1 Joe Hicketts             Kurtis MacDermid         60     1   2  2  
 2 Mitchell Vande Sompel    Frederic Allard          40     1   2  2  

Last Minutes Offensive
   Center                   Left Wing                Right Wing               Defense                  Defense                  
   Nick Cousins             Matt Puempel             Daniel Sprong            Joe Hicketts             Kurtis MacDermid         

Last Minutes Defensive
   Center                   Left Wing                Right Wing               Defense                  Defense                  
   Nick Cousins             Barclay Goodrow          Marko Dano               Joe Hicketts             Kurtis MacDermid         

Goaltenders
Starting : Angus Redmond            
Backup : Jeremy Smith             

Extra Forwards
Normal : Mitch Hults, Adam Mascherin, Andrew Agozzino - PP : Mitch Hults, Adam Mascherin - PK : Andrew Agozzino
Extra Defensemen
Normal : Dysin Mayo, Frederic Allard, Joe Hicketts - PP : Dysin Mayo - PK : Frederic Allard, Joe Hicketts
Penalty Shots
Daniel Sprong, Nick Cousins, Matt Puempel, Barclay Goodrow, Marko Dano

Scratches
Chase Balisy (Healthy), Hunter Shinkaruk (Healthy), Brandon Baddock (Healthy), Brendan Woods (Healthy), Julien Nantel (Healthy)
Maxim Lamarche (Healthy), Anthony Peters (Healthy)

Binghampton Senators

5 vs 5 Forward 
   Center                   Left Wing                Right Wing               Time % Phy DF OF 
 1 Lane Pederson            Anthony Greco            Jack Roslovic            40     1   2  2  
 2 Gabriel Fontaine         Lukas Radil              Vinni Lettieri           30     1   2  2  
 3 Antti Suomela            Justin Kirkland          Eric Robinson            20     1   2  2  
 4 Brandon Gignac           Jens Looke               Anthony Greco            10     1   2  2  

5 vs 5 Defense 
   Defense                  Defense                                           Time % Phy DF OF 
 1 Ryan Graves              Roland McKeown                                    40     1   2  2  
 2 Trevor Carrick           Jake Bischoff                                     30     1   2  2  
 3 Jordan Schmaltz          Wiley Sherman                                     20     1   2  2  
 4 Ryan Graves              Roland McKeown                                    10     1   2  2  

PowerPlay Forward 
   Center                   Left Wing                Right Wing               Time % Phy DF OF 
 1 Lane Pederson            Anthony Greco            Jack Roslovic            60     1   2  2  
 2 Gabriel Fontaine         Lukas Radil              Vinni Lettieri           40     1   2  2  

PowerPlay Defense
   Defense                  Defense                                           Time % Phy DF OF 
 1 Ryan Graves              Roland McKeown                                    60     1   2  2  
 2 Trevor Carrick           Jake Bischoff                                     40     1   2  2  

Penalty Kill 4 Players Forward 
   Center                   Wing                     Time % Phy DF OF 
 1 Anthony Greco            Lane Pederson            60     1   2  2  
 2 Jack Roslovic            Gabriel Fontaine         40     1   2  2  

Penalty Kill 4 Players Defense
   Defense                  Defense                  Time % Phy DF OF 
 1 Ryan Graves              Roland McKeown           60     1   2  2  
 2 Trevor Carrick           Jake Bischoff            40     1   2  2  

Penalty Kill - 3 Players Forward 
   Forward                                           Time % Phy DF OF 
 1 Anthony Greco                                     60     1   2  2  
 2 Lane Pederson                                     40     1   2  2  

Penalty Kill - 3 Players Defense
   Defense                  Defense                  Time % Phy DF OF 
 1 Ryan Graves              Roland McKeown           60     1   2  2  
 2 Trevor Carrick           Jake Bischoff            40     1   2  2  

4 vs 4 Forward 
   Center                   Wing                     Time % Phy DF OF 
 1 Anthony Greco            Lane Pederson            60     1   2  2  
 2 Jack Roslovic            Gabriel Fontaine         40     1   2  2  

4 vs 4 Defense
   Defense                  Defense                  Time % Phy DF OF 
 1 Ryan Graves              Roland McKeown           60     1   2  2  
 2 Trevor Carrick           Jake Bischoff            40     1   2  2  

Last Minutes Offensive
   Center                   Left Wing                Right Wing               Defense                  Defense                  
   Lane Pederson            Anthony Greco            Jack Roslovic            Ryan Graves              Roland McKeown           

Last Minutes Defensive
   Center                   Left Wing                Right Wing               Defense                  Defense                  
   Lane Pederson            Anthony Greco            Jack Roslovic            Ryan Graves              Roland McKeown           

Goaltenders
Starting : Kaapo Kahkonen           
Backup : Jon Gillies              

Extra Forwards
Normal : Jonah Gadjovich, Antti Suomela, Brandon Gignac - PP : Jonah Gadjovich, Antti Suomela - PK : Brandon Gignac
Extra Defensemen
Normal : Jordan Schmaltz, Wiley Sherman, Trevor Carrick - PP : Jordan Schmaltz - PK : Wiley Sherman, Trevor Carrick
Penalty Shots
Anthony Greco, Lane Pederson, Jack Roslovic, Gabriel Fontaine, Vinni Lettieri

Scratches
Mark Friedman (Healthy), Jesse Graham (Healthy), Beck Malenstyn (Healthy), Tyler Vesel (Healthy), Matteo Gennaro (Healthy)
Jansen Harkins (Healthy), Cam Darcy (Healthy), Jonne Tammela (Healthy), Joseph Cecconi (Healthy), Ivan Kulbakov (Healthy)

% Time on Ice - Lake Erie Monsters

Lines # - Real PCT - Wanted PCT - Time Play
Normal Forward
1 - 38% - 40% - 22:45
2 - 27% - 30% - 16:06
3 - 21% - 20% - 12:27
4 - 14% - 10% - 8:26
Normal Defense
1 - 38% - 40% - 22:30
2 - 31% - 30% - 18:33
3 - 26% - 20% - 15:30
4 - 5% - 10% - 3:11
PP Forward
1 - 72% - 60% - 0:34
2 - 28% - 40% - 0:13
PP Defense
1 - 47% - 60% - 0:22
2 - 53% - 40% - 0:25
PK Forward
1 - 81% - 60% - 8:10
2 - 19% - 40% - 1:58
PK Defense
1 - 55% - 60% - 5:35
2 - 45% - 40% - 4:33
PK3 Forward
1 - 0% - 60%
2 - 0% - 40%
PK3 Defense
1 - 0% - 60%
2 - 0% - 40%
44 Forward
1 - 0% - 60%
2 - 0% - 40%
44 Defense
1 - 0% - 60%
2 - 0% - 40%
Last Minute Offensive  - 0:00
Last Minute Defensive  - 0:00
Total
Forward - 70:39
Defense - 70:39

% Time on Ice - Binghampton Senators

Lines # - Real PCT - Wanted PCT - Time Play
Normal Forward
1 - 35% - 40% - 20:49
2 - 29% - 30% - 17:32
3 - 24% - 20% - 14:38
4 - 11% - 10% - 6:45
Normal Defense
1 - 38% - 40% - 22:32
2 - 34% - 30% - 20:12
3 - 24% - 20% - 14:06
4 - 5% - 10% - 2:54
PP Forward
1 - 57% - 60% - 5:48
2 - 43% - 40% - 4:20
PP Defense
1 - 55% - 60% - 5:35
2 - 45% - 40% - 4:33
PK Forward
1 - 100% - 60% - 0:47
2 - 0% - 40% - 0:00
PK Defense
1 - 96% - 60% - 0:45
2 - 4% - 40% - 0:02
PK3 Forward
1 - 0% - 60%
2 - 0% - 40%
PK3 Defense
1 - 0% - 60%
2 - 0% - 40%
44 Forward
1 - 0% - 60%
2 - 0% - 40%
44 Defense
1 - 0% - 60%
2 - 0% - 40%
Last Minute Offensive  - 0:00
Last Minute Defensive  - 0:00
Total
Forward - 70:39
Defense - 70:39

Play-by-Play

1st period


0:01 of 1st period - Lane Pederson wins face-off versus Nick Cousins in neutral zone.
0:25 of 1st period - Ryan Graves is hit by Kurtis MacDermid.
0:35 of 1st period - Slapshot by Robby Fabbri.
0:35 of 1st period - Stopped by Kaapo Kahkonen without a rebound.
0:36 of 1st period - Andrew Agozzino wins face-off versus Antti Suomela in Binghampton Senators zone.
0:37 of 1st period - Snap shot by Marko Dano.
0:37 of 1st period - Shot Misses the Net.
1:02 of 1st period - Marko Dano is hit by Gabriel Fontaine and loses puck.
1:16 of 1st period - Snap shot by Barclay Goodrow.
1:16 of 1st period - Deflect By Andrew Agozzino.
1:16 of 1st period - Shot Misses the Net.
1:16 of 1st period - Puck is out of play.
1:17 of 1st period - Lane Pederson wins face-off versus Nick Cousins in Binghampton Senators zone.
1:17 of 1st period - Lane Pederson is hit by Matt Puempel.
1:27 of 1st period - Wrist shot by Daniel Sprong.
1:27 of 1st period - Stopped by Kaapo Kahkonen with a rebound.
1:32 of 1st period - Minor Penalty to Nick Cousins for Slashing.
1:33 of 1st period - Barclay Goodrow wins face-off versus Jack Roslovic in Lake Erie Monsters zone.
1:42 of 1st period - Off-side.
1:43 of 1st period - Barclay Goodrow wins face-off versus Lane Pederson in neutral zone.
2:09 of 1st period - Snap shot by Jack Roslovic.
2:09 of 1st period - Deflect By Anthony Greco.
2:09 of 1st period - Stopped by Angus Redmond without a rebound.
2:10 of 1st period - Barclay Goodrow wins face-off versus Gabriel Fontaine in Lake Erie Monsters zone.
2:32 of 1st period - Wrist shot by Adam Mascherin.
2:32 of 1st period - Shot Misses the Net.
2:34 of 1st period - Slapshot by Joe Hicketts.
2:34 of 1st period - Stopped by Kaapo Kahkonen with a rebound.
2:36 of 1st period - Slapshot by Joe Hicketts.
2:36 of 1st period - Shot Misses the Net.
2:38 of 1st period - Snap shot by Andrew Agozzino.
2:38 of 1st period - Deflect By Adam Mascherin.
2:38 of 1st period - Stopped by Kaapo Kahkonen without a rebound.
2:39 of 1st period - Barclay Goodrow wins face-off versus Lane Pederson in Binghampton Senators zone.
3:32 of 1st period - Penalty to Nick Cousins is over, Nick Cousins is back on ice.
3:43 of 1st period - Mitch Hults is hit by Jake Bischoff and loses puck.
5:06 of 1st period - Slapshot by Turner Elson.
5:06 of 1st period - Shot Misses the Net.
5:20 of 1st period - Jordan Schmaltz is hit by Frederic Allard and loses puck.
5:27 of 1st period - Snap shot by Robby Fabbri.
5:27 of 1st period - Shot Misses the Net.
5:41 of 1st period - Slapshot by Eric Robinson.
5:41 of 1st period - Stopped by Angus Redmond with a rebound.
6:12 of 1st period - Turner Elson is hit by Roland McKeown and loses puck.
7:31 of 1st period - Wrist shot by Jens Looke.
7:31 of 1st period - Stopped by Angus Redmond with a rebound.
7:33 of 1st period - Slapshot by Jake Bischoff.
7:33 of 1st period - Stopped by Angus Redmond with a rebound.
7:45 of 1st period - Wrist shot by Brandon Gignac.
7:45 of 1st period - Shot Misses the Net.
7:47 of 1st period - Snap shot by Jens Looke.
7:47 of 1st period - Stopped by Angus Redmond without a rebound.
7:48 of 1st period - Nick Cousins wins face-off versus Lane Pederson in Lake Erie Monsters zone.
8:26 of 1st period - Snap shot by Eric Robinson.
8:26 of 1st period - Shot Misses the Net.
8:38 of 1st period - Wrist shot by Vinni Lettieri.
8:38 of 1st period - Stopped by Angus Redmond without a rebound.
8:39 of 1st period - Andrew Agozzino wins face-off versus Gabriel Fontaine in Lake Erie Monsters zone.
9:00 of 1st period - Slapshot by Lukas Radil.
9:00 of 1st period - Stopped by Angus Redmond without a rebound.
9:01 of 1st period - Lane Pederson wins face-off versus Ryan Olsen in Lake Erie Monsters zone.
9:26 of 1st period - Daniel Sprong is hit by Roland McKeown and loses puck.
10:10 of 1st period - Slapshot by Anthony Greco.
10:10 of 1st period - Stopped by Angus Redmond without a rebound.
10:11 of 1st period - Nick Cousins wins face-off versus Lane Pederson in Lake Erie Monsters zone.
10:20 of 1st period - Lane Pederson is hit by Matt Puempel and loses puck.
10:27 of 1st period - Daniel Sprong is hit by Lane Pederson and loses puck.
10:32 of 1st period - Wrist shot by Anthony Greco.
10:32 of 1st period - Shot Misses the Net.
10:38 of 1st period - Wrist shot by Jack Roslovic.
10:38 of 1st period - Shot Misses the Net.
11:13 of 1st period - Snap shot by Matt Puempel.
11:13 of 1st period - Stopped by Kaapo Kahkonen without a rebound.
11:14 of 1st period - Gabriel Fontaine wins face-off versus Andrew Agozzino in Binghampton Senators zone.
11:21 of 1st period - Wrist shot by Barclay Goodrow.
11:21 of 1st period - Stopped by Kaapo Kahkonen without a rebound.
11:22 of 1st period - Andrew Agozzino wins face-off versus Gabriel Fontaine in Binghampton Senators zone.
11:25 of 1st period - Wrist shot by Marko Dano.
11:25 of 1st period - Shot Misses the Net.
11:27 of 1st period - Slapshot by Joe Hicketts.
11:27 of 1st period - Stopped by Kaapo Kahkonen with a rebound.
11:29 of 1st period - Wrist shot by Marko Dano.
11:29 of 1st period - Stopped by Kaapo Kahkonen with a rebound.
11:51 of 1st period - Wrist shot by Eric Robinson.
11:51 of 1st period - Stopped by Angus Redmond without a rebound.
11:52 of 1st period - Adam Mascherin wins face-off versus Antti Suomela in Lake Erie Monsters zone.
12:19 of 1st period - Justin Kirkland is hit by Matt Puempel and loses puck.
12:26 of 1st period - Wrist shot by Daniel Sprong.
12:26 of 1st period - Goal by Daniel Sprong - Lake Erie Monsters : 1 - Binghampton Senators : 0.
12:27 of 1st period - Lane Pederson wins face-off versus Nick Cousins in neutral zone.
12:34 of 1st period - Backhand shot by Jack Roslovic.
12:34 of 1st period - Shot Misses the Net.
13:00 of 1st period - Backhand shot by Marko Dano.
13:00 of 1st period - Shot Blocked by Gabriel Fontaine.
13:14 of 1st period - Frederic Allard is hit by Justin Kirkland and loses puck.
13:51 of 1st period - Snap shot by Anthony Greco.
13:51 of 1st period - Stopped by Angus Redmond without a rebound.
13:52 of 1st period - Brandon Gignac wins face-off versus Nick Cousins in Lake Erie Monsters zone.
13:55 of 1st period - Wrist shot by Anthony Greco.
13:55 of 1st period - Stopped by Angus Redmond with a rebound.
14:00 of 1st period - Minor Penalty to Anthony Greco for Interference.
14:01 of 1st period - Brandon Gignac wins face-off versus Matt Puempel in Binghampton Senators zone.
14:13 of 1st period - Slapshot by Matt Puempel.
14:13 of 1st period - Goal by Matt Puempel - Lake Erie Monsters : 2 - Binghampton Senators : 0.
14:14 of 1st period - Nick Cousins wins face-off versus Lane Pederson in neutral zone.
14:17 of 1st period - Snap shot by Daniel Sprong.
14:17 of 1st period - Stopped by Kaapo Kahkonen with a rebound.
14:52 of 1st period - Icing by Kurtis MacDermid.
14:53 of 1st period - Andrew Agozzino wins face-off versus Lane Pederson in Lake Erie Monsters zone.
14:53 of 1st period - Andrew Agozzino is hit by Anthony Greco.
14:59 of 1st period - Wrist shot by Barclay Goodrow.
14:59 of 1st period - Stopped by Kaapo Kahkonen with a rebound.
15:01 of 1st period - Snap shot by Joe Hicketts.
15:01 of 1st period - Shot Blocked by Ryan Graves.
15:03 of 1st period - Wrist shot by Barclay Goodrow.
15:03 of 1st period - Stopped by Kaapo Kahkonen with a rebound.
15:05 of 1st period - Wrist shot by Barclay Goodrow.
15:05 of 1st period - Shot Hit the Post.
15:07 of 1st period - Wrist shot by Marko Dano.
15:07 of 1st period - Stopped by Kaapo Kahkonen without a rebound.
15:08 of 1st period - Gabriel Fontaine wins face-off versus Nick Cousins in Binghampton Senators zone.
16:06 of 1st period - Snap shot by Eric Robinson.
16:06 of 1st period - Deflect By Antti Suomela.
16:06 of 1st period - Stopped by Angus Redmond with a rebound.
16:55 of 1st period - Minor Penalty to Anthony Greco for Slashing.
16:56 of 1st period - Nick Cousins wins face-off versus Brandon Gignac in Binghampton Senators zone.
17:11 of 1st period - Snap shot by Nick Cousins.
17:11 of 1st period - Shot Misses the Net.
17:27 of 1st period - Slapshot by Barclay Goodrow.
17:27 of 1st period - Goal by Barclay Goodrow - Lake Erie Monsters : 3 - Binghampton Senators : 0.
17:28 of 1st period - Lane Pederson wins face-off versus Daniel Sprong in neutral zone.
17:53 of 1st period - Snap shot by Vinni Lettieri.
17:53 of 1st period - Stopped by Angus Redmond with a rebound.
18:24 of 1st period - Wrist shot by Eric Robinson.
18:24 of 1st period - Stopped by Angus Redmond with a rebound.
18:26 of 1st period - Snap shot by Eric Robinson.
18:26 of 1st period - Shot Blocked by Dysin Mayo.
18:40 of 1st period - Wrist shot by Anthony Greco.
18:40 of 1st period - Stopped by Angus Redmond without a rebound.
18:41 of 1st period - Lane Pederson wins face-off versus Turner Elson in Lake Erie Monsters zone.
18:50 of 1st period - Wrist shot by Jack Roslovic.
18:50 of 1st period - Shot Misses the Net.
18:52 of 1st period - Snap shot by Ryan Graves.
18:52 of 1st period - Stopped by Angus Redmond without a rebound.
18:53 of 1st period - Nick Cousins wins face-off versus Lane Pederson in Lake Erie Monsters zone.
19:08 of 1st period - Matt Puempel is hit by Anthony Greco and loses puck.
19:30 of 1st period - Marko Dano is hit by Gabriel Fontaine and loses puck.
Goals for this period are 3 for Lake Erie Monsters vs 0 for Binghampton Senators.
Shots for this period are 15 for Lake Erie Monsters vs 16 for Binghampton Senators.

2nd period


0:01 of 2nd period - Nick Cousins wins face-off versus Lane Pederson in neutral zone.
0:10 of 2nd period - Snap shot by Nick Cousins.
0:10 of 2nd period - Deflect By Daniel Sprong.
0:10 of 2nd period - Shot Misses the Net.
0:10 of 2nd period - Puck is out of play.
0:11 of 2nd period - Anthony Greco wins face-off versus Nick Cousins in Binghampton Senators zone.
0:11 of 2nd period - Anthony Greco is hit by Daniel Sprong.
0:19 of 2nd period - Snap shot by Anthony Greco.
0:19 of 2nd period - Shot Misses the Net.
1:02 of 2nd period - Snap shot by Adam Mascherin.
1:02 of 2nd period - Shot Misses the Net.
1:04 of 2nd period - Slapshot by Kurtis MacDermid.
1:04 of 2nd period - Shot Blocked by Jake Bischoff.
2:01 of 2nd period - Snap shot by Lane Pederson.
2:01 of 2nd period - Shot Blocked by Andrew Agozzino.
2:03 of 2nd period - Snap shot by Jack Roslovic.
2:03 of 2nd period - Goal by Jack Roslovic - Lake Erie Monsters : 3 - Binghampton Senators : 1.
2:04 of 2nd period - Nick Cousins wins face-off versus Lane Pederson in neutral zone.
2:07 of 2nd period - Slapshot by Daniel Sprong.
2:07 of 2nd period - Stopped by Kaapo Kahkonen without a rebound.
2:08 of 2nd period - Lane Pederson wins face-off versus Nick Cousins in Binghampton Senators zone.
2:33 of 2nd period - Wrist shot by Jack Roslovic.
2:33 of 2nd period - Deflect By Anthony Greco.
2:33 of 2nd period - Shot Misses the Net.
2:33 of 2nd period - Puck is out of play.
2:34 of 2nd period - Gabriel Fontaine wins face-off versus Andrew Agozzino in Lake Erie Monsters zone.
2:47 of 2nd period - Snap shot by Barclay Goodrow.
2:47 of 2nd period - Stopped by Kaapo Kahkonen without a rebound.
2:48 of 2nd period - Nick Cousins wins face-off versus Lane Pederson in Binghampton Senators zone.
4:35 of 2nd period - Ryan Graves is hit by Barclay Goodrow.
4:53 of 2nd period - Roland McKeown is hit by Marko Dano and loses puck.
5:16 of 2nd period - Wrist shot by Lane Pederson.
5:16 of 2nd period - Shot Blocked by Joe Hicketts.
5:33 of 2nd period - Snap shot by Lukas Radil.
5:33 of 2nd period - Shot Blocked by Joe Hicketts.
5:43 of 2nd period - Slapshot by Kurtis MacDermid.
5:43 of 2nd period - Deflect By Anthony Greco.
5:43 of 2nd period - Stopped by Kaapo Kahkonen without a rebound.
5:44 of 2nd period - Brandon Gignac wins face-off versus Mitch Hults in Binghampton Senators zone.
5:57 of 2nd period - Snap shot by Ryan Haggerty.
5:57 of 2nd period - Deflect By Turner Elson.
5:57 of 2nd period - Stopped by Kaapo Kahkonen without a rebound.
5:58 of 2nd period - Gabriel Fontaine wins face-off versus Daniel Sprong in Binghampton Senators zone.
6:33 of 2nd period - Wrist shot by Marko Dano.
6:33 of 2nd period - Shot Blocked by Jordan Schmaltz.
7:05 of 2nd period - Slapshot by Anthony Greco.
7:05 of 2nd period - Shot Misses the Net.
7:09 of 2nd period - Snap shot by Anthony Greco.
7:09 of 2nd period - Shot Misses the Net.
7:11 of 2nd period - Slapshot by Roland McKeown.
7:11 of 2nd period - Stopped by Angus Redmond without a rebound.
7:12 of 2nd period - Brandon Gignac wins face-off versus Nick Cousins in Lake Erie Monsters zone.
7:39 of 2nd period - Ryan Graves is hit by Kurtis MacDermid and loses puck.
9:16 of 2nd period - Brandon Gignac is hit by Turner Elson.
9:39 of 2nd period - Wrist shot by Adam Mascherin.
9:39 of 2nd period - Deflect By Ryan Olsen.
9:39 of 2nd period - Stopped by Kaapo Kahkonen without a rebound.
9:40 of 2nd period - Gabriel Fontaine wins face-off versus Nick Cousins in Binghampton Senators zone.
9:40 of 2nd period - Gabriel Fontaine is hit by Nick Cousins.
9:55 of 2nd period - Minor Penalty to Frederic Allard for Hooking.
9:56 of 2nd period - Barclay Goodrow wins face-off versus Lane Pederson in Lake Erie Monsters zone.
10:00 of 2nd period - Snap shot by Barclay Goodrow.
10:00 of 2nd period - Stopped by Kaapo Kahkonen with a rebound.
10:06 of 2nd period - Wrist shot by Jack Roslovic.
10:06 of 2nd period - Stopped by Angus Redmond with a rebound.
10:08 of 2nd period - Slapshot by Roland McKeown.
10:08 of 2nd period - Goal by Roland McKeown - Lake Erie Monsters : 3 - Binghampton Senators : 2.
10:09 of 2nd period - Lane Pederson wins face-off versus Nick Cousins in neutral zone.
12:05 of 2nd period - Minor Penalty to Barclay Goodrow for Hooking.
12:06 of 2nd period - Lane Pederson wins face-off versus Andrew Agozzino in Lake Erie Monsters zone.
12:38 of 2nd period - Matt Puempel is hit by Vinni Lettieri and loses puck.
12:47 of 2nd period - Snap shot by Vinni Lettieri.
12:47 of 2nd period - Deflect By Kurtis MacDermid.
12:47 of 2nd period - Shot Misses the Net.
12:47 of 2nd period - Puck is out of play.
12:48 of 2nd period - Lane Pederson wins face-off versus Andrew Agozzino in Lake Erie Monsters zone.
12:51 of 2nd period - Wrist shot by Lane Pederson.
12:51 of 2nd period - Shot Misses the Net.
13:07 of 2nd period - Wrist shot by Matt Puempel.
13:07 of 2nd period - Stopped by Kaapo Kahkonen with a rebound.
14:05 of 2nd period - Penalty to Barclay Goodrow is over, Barclay Goodrow is back on ice.
14:19 of 2nd period - Wrist shot by Eric Robinson.
14:19 of 2nd period - Goal by Eric Robinson - Lake Erie Monsters : 3 - Binghampton Senators : 3.
14:20 of 2nd period - Lukas Radil wins face-off versus Nick Cousins in neutral zone.
14:50 of 2nd period - Snap shot by Jack Roslovic.
14:50 of 2nd period - Shot Misses the Net.
14:52 of 2nd period - Slapshot by Jordan Schmaltz.
14:52 of 2nd period - Deflect By Lane Pederson.
14:52 of 2nd period - Goal by Lane Pederson - Lake Erie Monsters : 3 - Binghampton Senators : 4.
14:53 of 2nd period - Lane Pederson wins face-off versus Nick Cousins in neutral zone.
15:27 of 2nd period - Snap shot by Marko Dano.
15:27 of 2nd period - Stopped by Kaapo Kahkonen without a rebound.
15:28 of 2nd period - Andrew Agozzino wins face-off versus Gabriel Fontaine in Binghampton Senators zone.
15:33 of 2nd period - Slapshot by Marko Dano.
15:33 of 2nd period - Shot Misses the Net.
15:53 of 2nd period - Lane Pederson is hit by Nick Cousins.
16:31 of 2nd period - Minor Penalty to Frederic Allard for Hooking.
16:32 of 2nd period - Barclay Goodrow wins face-off versus Gabriel Fontaine in Lake Erie Monsters zone.
17:09 of 2nd period - Lane Pederson is hit by Andrew Agozzino and loses puck.
17:17 of 2nd period - Icing by Anthony Greco.
17:18 of 2nd period - Barclay Goodrow wins face-off versus Lane Pederson in Binghampton Senators zone.
17:29 of 2nd period - Adam Mascherin is hit by Lukas Radil.
17:35 of 2nd period - Lukas Radil is hit by Andrew Agozzino and loses puck.
18:31 of 2nd period - Penalty to Frederic Allard is over, Frederic Allard is back on ice.
18:56 of 2nd period - Mitch Hults is hit by Brandon Gignac and loses puck.
19:40 of 2nd period - Gabriel Fontaine is hit by Matt Puempel.
19:46 of 2nd period - Matt Puempel is hit by Justin Kirkland and loses puck.
Goals for this period are 0 for Lake Erie Monsters vs 4 for Binghampton Senators.
Shots for this period are 8 for Lake Erie Monsters vs 6 for Binghampton Senators.

3rd period


0:01 of 3rd period - Lane Pederson wins face-off versus Nick Cousins in neutral zone.
0:14 of 3rd period - Ryan Graves is hit by Kurtis MacDermid and loses puck.
0:34 of 3rd period - Wrist shot by Marko Dano.
0:34 of 3rd period - Shot Misses the Net.
0:44 of 3rd period - Snap shot by Vinni Lettieri.
0:44 of 3rd period - Shot Blocked by JC Lipon.
0:46 of 3rd period - Wrist shot by Justin Kirkland.
0:46 of 3rd period - Stopped by Angus Redmond without a rebound.
0:47 of 3rd period - Ryan Olsen wins face-off versus Justin Kirkland in Lake Erie Monsters zone.
0:56 of 3rd period - Ryan Olsen is hit by Eric Robinson and loses puck.
1:01 of 3rd period - Wrist shot by Antti Suomela.
1:01 of 3rd period - Stopped by Angus Redmond with a rebound.
1:07 of 3rd period - Eric Robinson is hit by Kurtis MacDermid and loses puck.
1:47 of 3rd period - Snap shot by Adam Mascherin.
1:47 of 3rd period - Goal by Adam Mascherin - Lake Erie Monsters : 4 - Binghampton Senators : 4.
1:48 of 3rd period - Nick Cousins wins face-off versus Lane Pederson in neutral zone.
2:14 of 3rd period - Andrew Agozzino is hit by Gabriel Fontaine and loses puck.
2:23 of 3rd period - Wrist shot by Vinni Lettieri.
2:23 of 3rd period - Stopped by Angus Redmond without a rebound.
2:24 of 3rd period - Nick Cousins wins face-off versus Gabriel Fontaine in Lake Erie Monsters zone.
3:10 of 3rd period - Snap shot by Robby Fabbri.
3:10 of 3rd period - Stopped by Kaapo Kahkonen without a rebound.
3:11 of 3rd period - Justin Kirkland wins face-off versus Ryan Olsen in Binghampton Senators zone.
3:59 of 3rd period - Wrist shot by Marko Dano.
3:59 of 3rd period - Shot Misses the Net.
4:05 of 3rd period - Wrist shot by Marko Dano.
4:05 of 3rd period - Shot Misses the Net.
4:21 of 3rd period - Wrist shot by Eric Robinson.
4:21 of 3rd period - Stopped by Angus Redmond without a rebound.
4:22 of 3rd period - Nick Cousins wins face-off versus Antti Suomela in Lake Erie Monsters zone.
4:44 of 3rd period - Slapshot by Antti Suomela.
4:44 of 3rd period - Stopped by Angus Redmond with a rebound.
4:57 of 3rd period - Off-side.
4:58 of 3rd period - Lane Pederson wins face-off versus Nick Cousins in neutral zone.
5:13 of 3rd period - Snap shot by Nick Cousins.
5:13 of 3rd period - Stopped by Kaapo Kahkonen without a rebound.
5:14 of 3rd period - Gabriel Fontaine wins face-off versus Andrew Agozzino in Binghampton Senators zone.
5:51 of 3rd period - Wrist shot by Nick Cousins.
5:51 of 3rd period - Stopped by Kaapo Kahkonen without a rebound.
5:52 of 3rd period - Gabriel Fontaine wins face-off versus Ryan Olsen in Binghampton Senators zone.
5:57 of 3rd period - Adam Mascherin is hit by Trevor Carrick and loses puck.
6:02 of 3rd period - Snap shot by Vinni Lettieri.
6:02 of 3rd period - Deflect By Lukas Radil.
6:02 of 3rd period - Stopped by Angus Redmond without a rebound.
6:03 of 3rd period - Nick Cousins wins face-off versus Lane Pederson in Lake Erie Monsters zone.
6:12 of 3rd period - Wrist shot by Daniel Sprong.
6:12 of 3rd period - Stopped by Kaapo Kahkonen with a rebound.
7:40 of 3rd period - Wrist shot by Lane Pederson.
7:40 of 3rd period - Stopped by Angus Redmond with a rebound.
8:10 of 3rd period - Kurtis MacDermid is hit by Justin Kirkland and loses puck.
8:15 of 3rd period - Snap shot by Antti Suomela.
8:15 of 3rd period - Shot Misses the Net.
8:17 of 3rd period - Snap shot by Antti Suomela.
8:17 of 3rd period - Stopped by Angus Redmond without a rebound.
8:18 of 3rd period - Nick Cousins wins face-off versus Lane Pederson in Lake Erie Monsters zone.
8:35 of 3rd period - Nick Cousins is hit by Lane Pederson and loses puck.
9:12 of 3rd period - Snap shot by Turner Elson.
9:12 of 3rd period - Goal by Turner Elson - Lake Erie Monsters : 5 - Binghampton Senators : 4.
9:13 of 3rd period - Lane Pederson wins face-off versus Nick Cousins in neutral zone.
9:16 of 3rd period - Nick Cousins is hit by Roland McKeown and loses puck.
11:02 of 3rd period - Snap shot by Marko Dano.
11:02 of 3rd period - Stopped by Kaapo Kahkonen with a rebound.
11:22 of 3rd period - Joe Hicketts is hit by Trevor Carrick and loses puck.
11:37 of 3rd period - Joe Hicketts is hit by Ryan Graves and loses puck.
11:46 of 3rd period - Wrist shot by Daniel Sprong.
11:46 of 3rd period - Stopped by Kaapo Kahkonen with a rebound.
12:05 of 3rd period - Wrist shot by Ryan Haggerty.
12:05 of 3rd period - Shot Misses the Net.
12:32 of 3rd period - Snap shot by Antti Suomela.
12:32 of 3rd period - Shot Misses the Net.
12:34 of 3rd period - Wrist shot by Eric Robinson.
12:34 of 3rd period - Stopped by Angus Redmond without a rebound.
12:35 of 3rd period - Antti Suomela wins face-off versus Nick Cousins in Lake Erie Monsters zone.
12:36 of 3rd period - Snap shot by Eric Robinson.
12:36 of 3rd period - Shot Misses the Net.
12:48 of 3rd period - Snap shot by Matt Puempel.
12:48 of 3rd period - Stopped by Kaapo Kahkonen with a rebound.
13:05 of 3rd period - Eric Robinson is hit by Turner Elson and loses puck.
13:24 of 3rd period - Dysin Mayo is hit by Lukas Radil and loses puck.
13:46 of 3rd period - Snap shot by Lane Pederson.
13:46 of 3rd period - Stopped by Angus Redmond with a rebound.
13:48 of 3rd period - Slapshot by Jordan Schmaltz.
13:48 of 3rd period - Deflect By Jack Roslovic.
13:48 of 3rd period - Shot Misses the Net.
13:48 of 3rd period - Puck is out of play.
13:49 of 3rd period - Nick Cousins wins face-off versus Lane Pederson in Lake Erie Monsters zone.
13:58 of 3rd period - Wrist shot by Jack Roslovic.
13:58 of 3rd period - Shot Blocked by Frederic Allard.
14:02 of 3rd period - Snap shot by Jack Roslovic.
14:02 of 3rd period - Shot Misses the Net.
14:04 of 3rd period - Slapshot by Roland McKeown.
14:04 of 3rd period - Stopped by Angus Redmond with a rebound.
14:06 of 3rd period - Snap shot by Anthony Greco.
14:06 of 3rd period - Shot Misses the Net.
14:08 of 3rd period - Snap shot by Jack Roslovic.
14:08 of 3rd period - Stopped by Angus Redmond without a rebound.
14:09 of 3rd period - Andrew Agozzino wins face-off versus Lukas Radil in Lake Erie Monsters zone.
14:09 of 3rd period - Barclay Goodrow is hit by Vinni Lettieri and loses puck.
14:18 of 3rd period - Slapshot by Joe Hicketts.
14:18 of 3rd period - Stopped by Kaapo Kahkonen without a rebound.
14:19 of 3rd period - Gabriel Fontaine wins face-off versus Andrew Agozzino in Binghampton Senators zone.
14:34 of 3rd period - Slapshot by Kurtis MacDermid.
14:34 of 3rd period - Deflect By Trevor Carrick.
14:34 of 3rd period - Stopped by Kaapo Kahkonen without a rebound.
14:35 of 3rd period - Lane Pederson wins face-off versus Daniel Sprong in Binghampton Senators zone.
15:02 of 3rd period - Icing by Mitchell Vande Sompel.
15:03 of 3rd period - Lukas Radil wins face-off versus Andrew Agozzino in Lake Erie Monsters zone.
15:08 of 3rd period - Slapshot by Vinni Lettieri.
15:08 of 3rd period - Stopped by Angus Redmond with a rebound.
15:16 of 3rd period - Wrist shot by Barclay Goodrow.
15:16 of 3rd period - Shot Blocked by Vinni Lettieri.
15:18 of 3rd period - Snap shot by Andrew Agozzino.
15:18 of 3rd period - Stopped by Kaapo Kahkonen without a rebound.
15:19 of 3rd period - Lane Pederson wins face-off versus Ryan Olsen in Binghampton Senators zone.
15:28 of 3rd period - Snap shot by Robby Fabbri.
15:28 of 3rd period - Stopped by Kaapo Kahkonen without a rebound.
15:29 of 3rd period - Jack Roslovic wins face-off versus Ryan Olsen in Binghampton Senators zone.
15:29 of 3rd period - Jack Roslovic is hit by JC Lipon.
15:51 of 3rd period - Ryan Graves is hit by Dysin Mayo and loses puck.
15:56 of 3rd period - Snap shot by Robby Fabbri.
15:56 of 3rd period - Shot Misses the Net.
16:07 of 3rd period - Icing by Dysin Mayo.
16:08 of 3rd period - Vinni Lettieri wins face-off versus Ryan Olsen in Lake Erie Monsters zone.
16:20 of 3rd period - Snap shot by Lukas Radil.
16:20 of 3rd period - Stopped by Angus Redmond with a rebound.
16:22 of 3rd period - Slapshot by Jake Bischoff.
16:22 of 3rd period - Stopped by Angus Redmond with a rebound.
16:48 of 3rd period - Daniel Sprong is hit by Eric Robinson and loses puck.
17:11 of 3rd period - Snap shot by Marko Dano.
17:11 of 3rd period - Stopped by Kaapo Kahkonen without a rebound.
17:12 of 3rd period - Andrew Agozzino wins face-off versus Gabriel Fontaine in Binghampton Senators zone.
17:17 of 3rd period - Wrist shot by Marko Dano.
17:17 of 3rd period - Stopped by Kaapo Kahkonen with a rebound.
17:54 of 3rd period - Joe Hicketts is hit by Lane Pederson and loses puck.
18:33 of 3rd period - Slapshot by Jake Bischoff.
18:33 of 3rd period - Stopped by Angus Redmond with a rebound.
18:35 of 3rd period - Wrist shot by Anthony Greco.
18:35 of 3rd period - Shot Misses the Net.
18:37 of 3rd period - Slapshot by Jake Bischoff.
18:37 of 3rd period - Deflect By Lane Pederson.
18:37 of 3rd period - Stopped by Angus Redmond with a rebound.
18:39 of 3rd period - Snap shot by Jack Roslovic.
18:39 of 3rd period - Goal by Jack Roslovic - Lake Erie Monsters : 5 - Binghampton Senators : 5.
18:40 of 3rd period - Gabriel Fontaine wins face-off versus Adam Mascherin in neutral zone.
18:49 of 3rd period - Backhand shot by Lukas Radil.
18:49 of 3rd period - Stopped by Angus Redmond with a rebound.
19:19 of 3rd period - Slapshot by Antti Suomela.
19:19 of 3rd period - Stopped by Angus Redmond with a rebound.
Goals for this period are 2 for Lake Erie Monsters vs 1 for Binghampton Senators.
Shots for this period are 15 for Lake Erie Monsters vs 20 for Binghampton Senators.

Overtime #1


0:01 of 1st overtime period - Lane Pederson wins face-off versus Nick Cousins in neutral zone.
0:38 of 1st overtime period - Slapshot by Marko Dano.
0:38 of 1st overtime period - Shot Misses the Net.
0:48 of 1st overtime period - Slapshot by Roland McKeown.
0:48 of 1st overtime period - Stopped by Angus Redmond with a rebound.
0:50 of 1st overtime period - Snap shot by Ryan Graves.
0:50 of 1st overtime period - Deflect By Adam Mascherin.
0:50 of 1st overtime period - Stopped by Angus Redmond with a rebound.
0:54 of 1st overtime period - Snap shot by Eric Robinson.
0:54 of 1st overtime period - Stopped by Angus Redmond without a rebound.
0:55 of 1st overtime period - Nick Cousins wins face-off versus Lane Pederson in Lake Erie Monsters zone.
1:50 of 1st overtime period - Backhand shot by Robby Fabbri.
1:50 of 1st overtime period - Shot Misses the Net.
2:27 of 1st overtime period - Jordan Schmaltz is hit by Nick Cousins and loses puck.
2:52 of 1st overtime period - Icing by Andrew Agozzino.
2:53 of 1st overtime period - Gabriel Fontaine wins face-off versus Barclay Goodrow in Lake Erie Monsters zone.
3:07 of 1st overtime period - Backhand shot by Barclay Goodrow.
3:07 of 1st overtime period - Shot Blocked by Roland McKeown.
3:09 of 1st overtime period - Slapshot by JC Lipon.
3:09 of 1st overtime period - Stopped by Kaapo Kahkonen without a rebound.
3:10 of 1st overtime period - Lane Pederson wins face-off versus Nick Cousins in Binghampton Senators zone.
3:26 of 1st overtime period - Backhand shot by Matt Puempel.
3:26 of 1st overtime period - Stopped by Kaapo Kahkonen with a rebound.
3:45 of 1st overtime period - Gabriel Fontaine is hit by Marko Dano and loses puck.
4:09 of 1st overtime period - Wrist shot by Lukas Radil.
4:09 of 1st overtime period - Stopped by Angus Redmond without a rebound.
4:10 of 1st overtime period - Lane Pederson wins face-off versus Nick Cousins in Lake Erie Monsters zone.
4:15 of 1st overtime period - Jake Bischoff is hit by Nick Cousins.
4:37 of 1st overtime period - Antti Suomela is hit by Marko Dano and loses puck.
4:56 of 1st overtime period - Slapshot by Turner Elson.
4:56 of 1st overtime period - Shot Blocked by Brandon Gignac.
4:58 of 1st overtime period - Wrist shot by Mitch Hults.
4:58 of 1st overtime period - Shot Misses the Net.
5:00 of 1st overtime period - Snap shot by Ryan Haggerty.
5:00 of 1st overtime period - Stopped by Kaapo Kahkonen without a rebound.
5:01 of 1st overtime period - Jens Looke wins face-off versus Mitch Hults in Binghampton Senators zone.
5:06 of 1st overtime period - Snap shot by Turner Elson.
5:06 of 1st overtime period - Stopped by Kaapo Kahkonen with a rebound.
5:08 of 1st overtime period - Slapshot by Kurtis MacDermid.
5:08 of 1st overtime period - Deflect By Turner Elson.
5:08 of 1st overtime period - Stopped by Kaapo Kahkonen with a rebound.
5:10 of 1st overtime period - Snap shot by Ryan Haggerty.
5:10 of 1st overtime period - Stopped by Kaapo Kahkonen without a rebound.
5:11 of 1st overtime period - Lane Pederson wins face-off versus Nick Cousins in Binghampton Senators zone.
5:11 of 1st overtime period - Lane Pederson is hit by Mitchell Vande Sompel.
5:24 of 1st overtime period - Minor Penalty to Kurtis MacDermid for Roughing.
5:25 of 1st overtime period - Lane Pederson wins face-off versus Barclay Goodrow in Lake Erie Monsters zone.
7:24 of 1st overtime period - Penalty to Kurtis MacDermid is over, Kurtis MacDermid is back on ice.
8:12 of 1st overtime period - Justin Kirkland is hit by JC Lipon and loses puck.
8:27 of 1st overtime period - Minor Penalty to Ryan Olsen for Hooking.
8:28 of 1st overtime period - Lane Pederson wins face-off versus Barclay Goodrow in Lake Erie Monsters zone.
10:27 of 1st overtime period - Penalty to Ryan Olsen is over, Ryan Olsen is back on ice.
10:36 of 1st overtime period - Minor Penalty to Roland McKeown for Hooking.
10:37 of 1st overtime period - Nick Cousins wins face-off versus Anthony Greco in Binghampton Senators zone.
10:37 of 1st overtime period - Slapshot by Daniel Sprong.
10:37 of 1st overtime period - Shot Blocked by Jake Bischoff.
10:39 of 1st overtime period - Slapshot by Mitchell Vande Sompel.
10:39 of 1st overtime period - Goal by Mitchell Vande Sompel - Lake Erie Monsters : 6 - Binghampton Senators : 5.
Goals for this period are 1 for Lake Erie Monsters vs 0 for Binghampton Senators.
Shots for this period are 7 for Lake Erie Monsters vs 4 for Binghampton Senators. Output by the SimonT Hockey Simulator (STHS) for Alexandre Lamarre - Original Page W3C HTML5 Valid
Hockey Simulator - Hockey Simulation - Hockey Manager